 Dungeon Crawl Stone Soup version 0.24-a0-479-g9a978d2894 (webtiles) character file.

Game seed: 11307122896123921263

389 Akello the Magician (level 6, -4/41 HPs)
             Began as a Mummy Wizard on July 8, 2019.
             Shot with an arrow by a centaur (10 damage)
             ... on level 5 of the Dungeon.
             The game lasted 00:08:43 (5215 turns).

Akello the Magician (Mummy Wizard)                  Turns: 5215, Time: 00:08:44

Health: -4/41      AC:  3    Str: 10    XL:     6   Next: 49%
Magic:  8/15       EV: 12    Int: 20    God:
Gold:   221        SH:  0    Dex: 10    Spells: 12/17 levels left

rFire    x . .     SeeInvis .   m - +0 long sword
rCold    + . .     Gourm    .   (no shield)
rNeg     + + +     Faith    .   a - +0 robe
rPois    ∞         Spirit   .   b - +0 hat
rElec    .         Reflect  .   (no cloak)
rCorr    .         Harm     .   i - +0 pair of gloves
MR       .....                  (no boots)
Stlth    ++........             (no amulet)
HPRegen  0.13/turn              (no ring)
MPRegen  0.14/turn              (no ring)

@: no status effects
A: no food or potions, fire vulnerability, cold resistance 1, negative energy
resistance 3, torment resistance, unbreathing
a: no special abilities


You were on level 5 of the Dungeon.
You were not hungry.

You visited 1 branch of the dungeon, and saw 5 of its levels.

You collected 221 gold pieces.

Inventory:

Hand Weapons
 f - a +0 club
 m - a +0 long sword (weapon)
 n - a +2 flail of crushing
Missiles
 k - 2 silver javelins (quivered)
Armour
 a - a +0 robe (worn)
 b - a +0 hat (worn)
 i - a +0 pair of gloves (worn)
Wands
 h - a wand of random effects (12)
 o - a wand of flame (31)
Scrolls
 c - 2 scrolls of teleportation {unknown}
 d - a scroll of fog {unknown}
 e - 4 scrolls of noise {unknown}
 g - a scroll of magic mapping {unknown}
 j - 2 scrolls of blinking {unknown}
 l - 4 scrolls of remove curse {unknown}
 p - a scroll of identify {unknown}


   Skills:
 - Level 1.5 Dodging
 - Level 1.5 Stealth
 + Level 6.2 Spellcasting
 + Level 3.2 Conjurations
 - Level 3.0 Summonings
 - Level 0.7 Translocations


You had 12 spell levels left.
You knew the following spells:

 Your Spells              Type           Power        Failure   Level  Hunger
a - Magic Dart            Conj           ###.         2%          1    N/A
b - Blink                 Tloc           N/A          12%         2    N/A
c - Call Imp              Summ           ###.....     4%          2    N/A

Your spell library contained the following spells:

 Spells                   Type           Power        Failure   Level  Hunger
 Slow                     Hex            #.......     16%         2    N/A
 Conjure Flame            Conj/Fire      ##......     16%         3    N/A
 Mephitic Cloud           Conj/Pois/Air  ##......     21%         3    N/A

Dungeon Overview and Level Annotations

Branches:
Dungeon (5/15)
 Temple: D:4-7

Altars:
Kikubaaqudgha
Uskayaw
Zin

Shops:
D:4 [


Innate Abilities, Weirdness & Mutations

You do not eat or drink.
Your flesh is vulnerable to fire.
You are immune to poison.
Your flesh is cold resistant. (rC+)
You are immune to negative energy. (rN+++)
You are immune to unholy pain and torment.
You can survive without breathing.


Message History

You see here an arrow.
Found 20 gold pieces.
You swap places.
Casting: Call Imp (safe; 4% risk of failure)
Confirm with . or Enter, or press ? or * to list all spells.
A beastly little devil appears in a puff of flame.
What are your orders? t - Shout!
Orders for allies: a - Attack new target. r - Retreat! s - Stop attacking. g - Guard the area. f - Follow me.
Anything else - Cancel.
Gang up on whom?
Press: ? - help, Dir - move target cursor, f - centaur
Aim: a centaur, wielding a +0 shortbow and carrying a wand of disintegration (4) Attack!
The centaur shoots an arrow.
The arrow hits your crimson imp!
Your crimson imp dies!
Your crimson imp hits the centaur.
You swap places.
The centaur shoots an arrow.
The arrow hits you!
You die...

...###≈..≈### ## ............
###### ## #..###..........#
.....#..#####..c.............
........)...... #............
...............##............
.<................##c>.[.....
......... #.....##.<†......
.......## #@5##.5.......
.......# #...#.........
......... ......#5c.#.####..
......... #........##.# .
......$.. .......(...#.#
.c....... ....._........
.$.?....##.#.# .##.$...# ...#
...#.. .#..


You could see a centaur and 2 friendly crimson imps.

Vanquished Creatures
  Sigmund (D:3)
  An iguana (D:4)
  An orc wizard (D:4)
  4 adders
  An ooze (D:3)
  An adder skeleton (D:4)
  A worm (D:3)
  4 leopard geckos
  6 orcs
  2 giant cockroaches (D:1)
  7 goblins
  12 hobgoblins
  A ball python (D:2)
  7 bats
  6 frilled lizards
  A jackal skeleton (D:4)
  5 kobolds
  7 rats
68 creatures vanquished.

Vanquished Creatures (collateral kills)
  A sky beast (D:5)
  A hound (D:5)
  An orc priest (D:4)
  2 orc wizards
  2 adders
  4 orcs
  A goblin (D:3)
12 creatures vanquished.

Grand Total: 80 creatures vanquished

Notes
Turn   | Place    | Note
-------+----------+-------------------------------------------
     0 | D:1      | Akello the Mummy Wizard began the quest for the Orb.
     0 | D:1      | Reached XP level 1. HP: 13/13 MP: 5/5
    70 | D:1      | Reached skill level 1 in Conjurations
   628 | D:1      | Reached XP level 2. HP: 19/19 MP: 4/7
  1043 | D:1      | Learned a level 2 spell: Blink
  1046 | D:1      | Learned a level 2 spell: Call Imp
  1458 | D:2      | Found a glowing silver altar of Zin.
  1477 | D:2      | Reached XP level 3. HP: 11/24 MP: 2/9
  1702 | D:2      | Reached skill level 5 in Spellcasting
  2063 | D:2      | Found a faded altar of an unknown god.
  2542 | D:3      | Reached XP level 4. HP: 30/30 MP: 8/11
  2584 | D:3      | Reached skill level 1 in Summonings
  2648 | D:3      | Noticed Sigmund
  2670 | D:3      | Killed Sigmund
  2670 | D:3      | Reached XP level 5. HP: 5/35 MP: 2/13
  3195 | D:3      | Found an ancient bone altar of Kikubaaqudgha.
  3831 | D:4      | Found Neaji's Armour Shoppe.
  4368 | D:4      | Reached XP level 6. HP: 39/41 MP: 8/14
  4794 | D:5      | Entered Level 5 of the Dungeon
  5105 | D:5      | Noticed a sky beast
  5110 | D:5      | Reached skill level 6 in Spellcasting
  5123 | D:5      | Killed a sky beast
  5209 | D:5      | Found a hide-covered altar of Uskayaw.
  5215 | D:5      | Shot with an arrow by a centaur

Levels and vault maps discovered:
D:1:      erik_arrival_triangle_small, layout_basic
D:2:      layout_loops_ring, nicolae_overflow_crystal_walls,
          chequers_ecumenical_altar_twisty
D:3:      layout_basic, old_standard_altar, uniq_sigmund
D:4:      layout_basic, serial_shops, shop
D:5:      layout_rooms, lemuel_doored_altar, dancing_weapons_uskayaw,
          temple_green, basic_altar, first_ration, serial_bayou_lagoon_a,
          fountainhead, cheibrodos_ashenzari_chains

Skill      XL: |  1  2  3  4  5  6 |
---------------+-------------------+-----
Conjurations   | 1 2 3 |  3.2
Spellcasting   | 5 6 |  6.2
Summonings     | 2 3 |  3.0
Dodging        | |  1.5
Stealth        | |  1.5
Translocations | |  0.7

Action                   |  1- 3 |  4- 6 || total
-------------------------+-------+-------++-------
Melee: Unarmed           |    36 |       ||    36
       Club              |    16 |     6 ||    22
       Long sword        |       |     5 ||     5
 Cast: Magic Dart        |    93 |    81 ||   174
       Call Imp          |     1 |    27 ||    28
       Blink             |     1 |       ||     1
Armor: Robe              |    11 |     6 ||    17
Dodge: Dodged            |    54 |    17 ||    71
       Rpst.: Long sword |       |     1 ||     1

Table legend:
 A = Non-vault XP
 B = Vault XP
 C = Vault XP percentage of total XP
 D = Non-vault monster count
 E = Vault monster count
 F = Vault count percentage of total count
                 A         B        C        D         E       F
            +---------+---------+-------+---------+---------+-------
      Total |     431 |     125 |  22.5 |      79 |       1 |   1.2
            +---------+---------+-------+---------+---------+-------
        D:1 |      33 |       0 |   0.0 |      20 |       0 |   0.0
        D:2 |      62 |       0 |   0.0 |      18 |       0 |   0.0
        D:3 |      72 |     125 |  63.5 |      23 |       1 |   4.2
        D:4 |     131 |       0 |   0.0 |      13 |       0 |   0.0
        D:5 |     133 |       0 |   0.0 |       5 |       0 |   0.0
            +---------+---------+-------+---------+---------+-------
